 Dungeon Crawl Stone Soup version 0.31-a0-43-g46d131a48f (webtiles) character file.

Game seed: 15274947449431394952

2998 Drazool the Grappler (level 9, 0/63 HPs)
             Began as a Demonspawn Fighter on May 20, 2023.
             Was an Initiate of Ru.
             Slain by a yak (6 damage)
             ... on level 7 of the Dungeon.
             The game lasted 00:19:23 (4984 turns).

Drazool the Grappler (Demonspawn Fighter)           Turns: 4984, Time: 00:19:24

Health: 0/63       AC: 14    Str: 21    XL:     9   Next: 54%
Magic:  9/9        EV:  9    Int:  9    God:    Ru [......]
Gold:   377        SH:  4    Dex: 13    Spells: 8/8 levels left

rFire   . .          .
                       - Unarmed
rCold   . . .        c - +0 buckler
rNeg    . . .        b - +0 scale mail
rPois   .            h - +1 helmet
rElec   .            (no cloak)
rCorr   .            (no gloves)
SInv    .            (no boots)
Will    .....        p - amulet of regeneration Stlth
                     T - +4 ring of protection
HPRegen 1.10/turn    (no ring)
MPRegen 0.11/turn

%: no passive effects
@: mighty
A: claws 2, foul stench 1, powered by pain 1, sharp scales 2
a: Renounce Religion, Sacrifice Health, Sacrifice Words, Sacrifice Nimbleness,
Reject Sacrifices


You were on level 7 of the Dungeon.
You worshipped Ru.
Ru was noncommittal.
You visited 2 branches of the dungeon, and saw 8 of its levels.

You collected 377 gold pieces.


Innate Abilities, Weirdness & Mutations

You have very sharp fingernails.
You may rarely emit foul miasma when damaged in melee.
You sometimes gain a little power by taking damage.
You are mostly covered in razor-sharp scales. (AC +2, Slay +2)


   Skills:
 - Level 3.0 Fighting
 - Level 5.8 Maces & Flails
 - Level 2.6 Armour
 - Level 2.6 Shields
 + Level 10.8 Unarmed Combat


You had 8 spell levels left.
You didn't know any spells.
Your spell library contained the following spells:

 Spells                   Type           Power      Damage    Failure   Level
 Sting                    Tmut/Pois      0%         1d3       80%         1
 Poisonous Vapours        Pois/Air       0%         N/A       91%         2
 Inner Flame              Hex/Fire       0%         N/A       99%         3
 Flame Wave               Conj/Fire      0%         2d4       100%        4
 Olgreb's Toxic Radiance  Pois           0%         N/A       100%        4
 Sticky Flame             Conj/Fire      0%         2d3       100%        4

Inventory:

Hand Weapons
 a - a +0 flail
 A - a +0 whip of electrocution
Missiles
 l - 12 poisoned darts (quivered)
 v - a throwing net {=f}
 B - 2 curare-tipped darts {=f}
Armour
 b - a +0 scale mail (worn)
 c - a +0 buckler (worn)
 h - a +1 helmet (worn)
Magical Staves
 s - a staff of death {!a}
Jewellery
 f - an amulet of the acrobat
 p - an amulet of regeneration (around neck)
 M - a ring of magical power
 N - a ring of positive energy
 T - a +4 ring of protection (left claw)
 Z - a ring of wizardry
Wands
 m - a wand of acid (6)
Scrolls
 d - 2 scrolls of butterflies {unknown}
 n - a scroll of blinking
 t - 2 scrolls of fog
 w - a scroll of immolation {unknown}
 y - a scroll of silence {!r}
 z - a scroll of enchant weapon {unknown}
Potions
 e - 3 potions of flight
 g - 3 potions of attraction
 i - 3 potions of magic {unknown}
 j - 3 potions of invisibility
 k - a potion of degeneration {unknown}
 o - 2 potions of haste {unknown}
 q - a potion of ambrosia {unknown}
 u - 4 potions of curing {unknown}
 x - a potion of mutation {unknown}

Dungeon Overview and Level Annotations

Branches:
Dungeon (7/15)             Temple (1/1) D:5

Altars:
Ashenzari
Cheibriados
Dithmenos
Fedhas
Gozag
Hepliaklqana
Kikubaaqudgha
Makhleb
Nemelex Xobeh
Ru
Sif Muna
Trog
Uskayaw
Xom
Yredelemnul

Shops:
D:5

*
,,,,,,,,,,*,,,##+#######.........
,,,,,,,,,,+,,,#.............#####
,,,,,,,,,,*,,,#.....†.......#,,,,
,,,,,,,,..#####.........?.!.#,,,,
*,,,,,,,....................#,,,,
,,,,,,,,........Y...........#,,,,
,,,,,,,,.......Y............#####
,,,,,,,,.......##Y###+###........
,,,,,,,,.......#@†..#,,,#........
*,,,,,,,......<#....+,,,+!.......
*,,,,,,,.?Y....#....#,,,#........
*,,,,,,,.......+....#,,,#.>......
*,,,,,,,,Y...,,#.####,,*#........
*,,,,,,,*******###***,,#.....####
*,,,,,,,*,,,,,,,,,,,,,,#.....#,,,
*,,,,,,,*^,,,,,,,,,,,,,*,,,,,*,,,
*,,,,,,,*,,,,,,,,,,,,,,*,,,,,*,,,


You could see a yak.


Message History

The yak gores you! You block the yak's attack.
You mangle the yak!!
You kill the yak!
The yak closely misses you.
A yak comes into view.
You scratch the yak.
The yak is moderately wounded.
The yak gores you!
* * * LOW HITPOINT WARNING * * *
The yak closely misses you.
You mangle the yak!!
The yak is severely wounded.
The yak closely misses you. The yak gores you.
* * * LOW HITPOINT WARNING * * *
You completely miss the yak.
The yak is severely wounded.
You mangle the yak!!
You kill the yak!
You claw the yak!
The yak is heavily wounded.
The yak gores you!
* * * LOW HITPOINT WARNING * * *
You scratch the yak.
The yak is heavily wounded.
The yak closely misses you. The yak gores you.
* * * LOW HITPOINT WARNING * * *
You mangle the yak!!
You kill the yak!
The yak gores you.
You die...

Skill      XL: |  1  2  3  4  5  6  7  8  9 |
---------------+----------------------------+-----
Maces & Flails | 2 3 4 5 |  5.8
Unarmed Combat | 3 6 9 10 | 10.8
Fighting       | |  3.0
Armour         | |  2.6
Shields        | |  2.6

Action                     |  1- 3 |  4- 6 |  7- 9 || total
---------------------------+-------+-------+-------++-------
  Melee: Flail             |   136 |   182 |    76 ||   394
         Unarmed           |       |       |   155 ||   155
  Throw: Dart              |     2 |       |     6 ||     8
  Evoke: Wand              |       |       |     1 ||     1
    Use: Scroll            |       |     8 |     4 ||    12
         Potion            |       |     1 |     1 ||     2
 Armour: Scale mail        |    82 |    70 |   109 ||   261
  Dodge: Dodged            |    98 |    70 |    76 ||   244
  Block: Buckler           |    40 |    27 |    38 ||   105

Levels and vault maps discovered:
D:1:      dpeg_arrival_subterranean_lakeside_camping, layout_rooms,
          interstate_on_off, kennysheep_decorative_pillar, st_stairs_10,
          serial_park_tiny_pond
D:2:      layout_rooms, serial_rivers, chequers_serial_rivers_small_3,
          chequers_serial_rivers_small_a, chequers_serial_rivers_micro_b,
          chequers_serial_rivers_small_a, chequers_serial_rivers_small_b,
          chequers_serial_rivers_small_b, basic_altar, corexii_shack
D:3:      layout_basic, shapermc_ecumenical_altar_totnotflames
D:4:      layout_loops_corners, nemelex_xobeh_ov_fountains_minmay,
          old_standard_altar
D:5:      layout_loops_ring, kennysheep_mini, mainiacjoe_overflow_brackets,
          temple_hall, serial_shops, nicolae_stop_n_shop_2,
          minmay_fire_ice_demons
D:6:      nicolae_cairo_tiling, layout_gridville,
          mainiacjoe_overflow_surrounded_room, kiku_gazebo_garden_becter,
          nicolae_uskayaw_murder_on_the_dancefloor,
          lemuel_coloured_pillars_altar, hangedman_abyss_or_decor_stagger,
          uniq_pikel, uniq_grinder
D:7:      layout_gridville, mainiacjoe_overflow_tiny_flanked, enter_bailey_1,
          minmay_lizard_king, uniq_joseph, uniq_menkaure
Temple:   hellmonk_temple_rainy

Notes
Turn   | Place    | Note
-------+----------+-------------------------------------------
     0 | D:1      | Drazool the Demonspawn Fighter began the quest for the Orb.
     0 | D:1      | Reached XP level 1. HP: 18/18 MP: 1/1
     9 | D:1      | Reached skill level 2 in Maces & Flails
    61 | D:1      | Gained mutation: You are partially covered in razor-sharp
                  | scales. (AC +1, Slay +1) [demonic ancestry]
    61 | D:1      | Reached XP level 2. HP: 23/24 MP: 2/2
   323 | D:1      | Reached skill level 3 in Maces & Flails
   396 | D:1      | Gained mutation: You have sharp fingernails. [demonic
                  | ancestry]
   396 | D:1      | Reached XP level 3. HP: 29/29 MP: 3/3
   859 | D:2      | You fall into a shaft and drop 2 floors!
  1050 | D:4      | Reached skill level 4 in Maces & Flails
  1050 | D:4      | Reached XP level 4. HP: 23/35 MP: 4/4
  1651 | D:2      | Gained mutation: You sometimes gain a little power by
                  | taking damage. [demonic ancestry]
  1651 | D:2      | Reached XP level 5. HP: 41/41 MP: 5/5
  2241 | D:3      | Found a faded altar of an unknown god.
  2371 | D:4      | Reached skill level 5 in Maces & Flails
  2577 | D:4      | Found a bloodstained altar of Trog.
  2729 | D:4      | Found a sparkling altar of Nemelex Xobeh.
  2987 | D:5      | Entered Level 5 of the Dungeon
  3011 | D:5      | Found Nutuann's Assorted Antiques.
  3055 | D:5      | Noticed a phantom
  3140 | D:5      | Gained mutation: You have very sharp fingernails. [demonic
                  | ancestry]
  3140 | D:5      | Reached XP level 6. HP: 47/47 MP: 6/6
  3154 | D:5      | Noticed an ice beast
  3169 | D:5      | Killed an ice beast
  3170 | D:5      | Reached skill level 2 in Unarmed Combat
  3224 | D:5      | Reached skill level 3 in Unarmed Combat
  3231 | D:5      | Gained mutation: You may rarely emit foul miasma when
                  | damaged in melee. [demonic ancestry]
  3231 | D:5      | Reached XP level 7. HP: 52/52 MP: 7/7
  3331 | D:5      | Reached skill level 4 in Unarmed Combat
  3384 | D:5      | Reached skill level 5 in Unarmed Combat
  3459 | D:5      | Reached skill level 6 in Unarmed Combat
  3515 | D:5      | Found a staircase to the Ecumenical Temple.
  3587 | Temple   | Entered the Ecumenical Temple
  3600 | Temple   | Became a worshipper of Ru the Awakened
  3690 | D:5      | Gained mutation: You are mostly covered in razor-sharp
                  | scales. (AC +2, Slay +2) [demonic ancestry]
  3690 | D:5      | Reached XP level 8. HP: 52/58 MP: 8/8
  3987 | D:5      | Found a blossoming altar of Fedhas.
  4267 | D:6      | Reached skill level 7 in Unarmed Combat
  4332 | D:6      | Found a shimmering blue altar of Sif Muna.
  4421 | D:6      | Found a hide-covered altar of Uskayaw.
  4456 | D:6      | Found an ancient bone altar of Kikubaaqudgha.
  4512 | D:6      | Noticed Grinder
  4529 | D:6      | Reached skill level 8 in Unarmed Combat
  4531 | D:6      | Paralysed by Grinder for 2 turns
  4535 | D:6      | Killed Grinder
  4550 | D:6      | Found an opulent altar of Gozag.
  4689 | D:6      | Reached skill level 9 in Unarmed Combat
  4689 | D:6      | Noticed Pikel
  4704 | D:6      | Killed Pikel
  4705 | D:6      | Reached XP level 9. HP: 52/63 MP: 9/9
  4936 | D:7      | Reached skill level 10 in Unarmed Combat
  4983 | D:7      | HP: 6/63 [yak (6)]
  4984 | D:7      | Slain by a yak

Vanquished Creatures
  Pikel (D:6)
  Grinder (D:6)
  4 yaks (D:7)
  A steam dragon (D:6)
  2 water moccasins
  3 ice beasts
  A centaur (D:6)
  A black bear (D:6)
  3 phantoms (D:5)
  A kobold brigand (D:6)
  2 bullfrogs (D:6)
  2 scorpions
  A howler monkey (D:5)
  A crimson imp (D:5)
  A hound (D:5)
  An iguana (D:5)
  A jelly (D:5)
  4 orc wizards
  16 gnolls
  5 adders
  A shadow imp (D:6)
  2 white imps
  An ufetubus (D:5)
  3 worms
  3 dart slugs
  22 orcs
  10 ball pythons
  9 bats
  18 endoplasms
  3 giant cockroaches
  6 goblins
  8 hobgoblins
  10 jackals
  10 kobolds
  2 quokkas (D:2)
  2 frilled lizards
  7 rats
169 creatures vanquished.

Table legend: (Time is in decaauts)
 A = Elapsed time spent in this place.
 B = Non-inter-level travel time spent in this place.
 C = Inter-level travel time spent in this place.
 D = Time resting spent in this place.
 E = Time spent auto-exploring this place.
 F = Levels seen in this place.
 G = Mean time per level.
                   A        B        C        D        E       F      G
               +--------+--------+--------+--------+--------+-----+--------+
         Total |   5064 |   4713 |    351 |     45 |   3083 |   8 |  633.0 |
       Dungeon |   5045 |   4695 |    350 |     45 |   3083 |   7 |  720.7 |
        Temple |     19 |     19 |      0 |      0 |      0 |   1 |   19.0 |
               +--------+--------+--------+--------+--------+-----+--------+

Top non-repeatable levels by time:
     D:4: 1051 daAuts
     D:5: 1048 daAuts
     D:1: 944 daAuts
     D:6: 801 daAuts
     D:2: 637 daAuts
     D:3: 486 daAuts
     D:7: 74 daAuts
  Temple: 19 daAuts

Table legend:
 A = Non-vault XP
 B = Vault XP
 C = Vault XP percentage of total XP
 D = Non-vault monster count
 E = Vault monster count
 F = Vault count percentage of total count
                 A         B        C        D         E       F
            +---------+---------+-------+---------+---------+-------
      Total |    3497 |     993 |  22.1 |     155 |      14 |   8.3
            +---------+---------+-------+---------+---------+-------
        D:1 |      58 |      15 |  20.5 |      34 |       9 |  20.9
        D:2 |      39 |       2 |   4.9 |      15 |       1 |   6.2
        D:3 |      62 |       0 |   0.0 |      12 |       0 |   0.0
        D:4 |     151 |       0 |   0.0 |      25 |       0 |   0.0
        D:5 |    1061 |      58 |   5.2 |      33 |       2 |   5.7
        D:6 |    1063 |     918 |  46.3 |      29 |       2 |   6.5
        D:7 |    1063 |       0 |   0.0 |       7 |       0 |   0.0
            +---------+---------+-------+---------+---------+-------
